 Seeded DCSS version 0.30-a0-219-gf2db51d15e (webtiles) character file.

Game seed: 1519367877936991490 (custom seed)

20 Nerdsrcool the Shooter (level 2, 0/24 HPs)
             Began as a Draconian Hunter on Oct 7, 2022.
             Succumbed to an adder's poison
             ... on level 2 of the Dungeon.
             The game lasted 00:04:30 (482 turns).

Nerdsrcool the Shooter (Draconian Hunter)            Turns: 482, Time: 00:04:31

Health: 0/24       AC:  4    Str: 13    XL:     2   Next: 58%
Magic:  2/2        EV: 12    Int:  9    God:
Gold:   43         SH:  0    Dex: 14    Spells: 1/1 levels left

rFire   . . .      SeeInvis .    a - +0 shortbow
rCold   . . .      Faith    .    (shield currently unavailable)
rNeg    . . .      Spirit   .    (body armour unavailable)
rPois   .          Reflect  .    (helmet restricted)
rElec   .          Harm     .    (no cloak)
rCorr   .          Rampage  .    (no gloves)
Will    .....                    (no boots)
Stlth   ++........               (no amulet)
HPRegen 0.24/turn                (no ring)
MPRegen 0.08/turn                (no ring)

@: lethally poisoned (0 -> -6)
A: AC +4, unfitting armour, cold-blooded
a: no special abilities


You were on level 2 of the Dungeon.
You visited 1 branch of the dungeon, and saw 2 of its levels.

You collected 43 gold pieces.

Inventory:

Hand Weapons
 a - a +0 shortbow (weapon)
Missiles
 f - 17 stones
Armour
 d - a +0 robe
Scrolls
 e - 2 scrolls of noise {unknown}
 g - a scroll of torment {unknown}
 h - a scroll of amnesia {unknown}
 i - a scroll of identify {unknown}
 m - 2 scrolls of poison {unknown}
Potions
 c - a potion of flight {unknown}
 j - a potion of lignification {unknown}
 k - a potion of ambrosia {unknown}
 l - a potion of curing {unknown}


   Skills:
 + Level 2.2 Fighting
 + Level 4.3 Ranged Weapons
 + Level 1.8 Dodging
 + Level 0.8 Stealth


You had one spell level left.
You didn't know any spells.
Your spell library was empty.

Dungeon Overview and Level Annotations

Branches:
Dungeon (2/15)

Altars:


Innate Abilities, Weirdness & Mutations

Your plain brown scales are hard. (AC +4)
You cannot fit into any form of body armour.
You are cold-blooded and may be slowed by cold attacks.


Message History

The adder hisses angrily.
The arrow hits the worm.
The worm is moderately wounded.
The goblin shoots a sling bullet.
The sling bullet hits you but does no damage.
The goblin shoots a sling bullet.
The sling bullet barely misses you.
You shoot an arrow. The arrow barely misses the worm.
You shoot an arrow.
The arrow hits the adder but does no damage.
You shoot an arrow. The arrow closely misses the adder.
The arrow barely misses the goblin.
The adder bites you but does no damage. The adder bites you.
You are poisoned.
The adder poisons you! The goblin attacks as you move away!
The goblin unwields a +0 sling.
The goblin wields a +0 club.
The goblin closely misses you.
You feel sick. The worm bites you.
You shoot an arrow. The arrow closely misses the adder.
You feel sick. The adder barely misses you. The adder completely misses you.
You shoot an arrow. The arrow misses the adder.
You feel sick. The adder bites you but does no damage.
The goblin hits you with a +0 club. The worm bites you but does no damage.
The adder bites you.
* * * LOW HITPOINT WARNING * * *
Read: scroll of immolation
Press: ? - help, Q - select action, (/) - cycle Dir - look around, f - activate Look: an adder (susceptible)
As you read the scroll of immolation, it crumbles to dust.
The creatures around you are filled with an inner flame!
You feel sick. The goblin barely misses you. The adder barely misses you.
The worm barely misses you. The adder attacks as you move away!
The adder closely misses you.
You feel sick.
You see here a dart slug corpse.
You feel sick.
You are no longer poisoned.
The adder attacks as you move away! The adder bites you.
* * * LOW HITPOINT WARNING * * *
You are lethally poisoned!
The adder poisons you!
You die...

##+##.# $ #.....#
..#.....# .∩..∩..∩.
........# ####
.....?..# #####.<
.∩..♣...###...#.#
...)...wg.#@#.#.#####.#
........#S..#..........
.8......###†###.####..
........# #.#.<....#
^.......# #.#......#
.♣....?.. #.#.........#
......... ..#.######.##
........# #... # ####


You could see an adder (inner flame).

Vanquished Creatures
  A dart slug (D:2)
  2 ball pythons
  An endoplasm (D:1)
  3 giant cockroaches (D:1)
  2 goblins
  3 bats
  A kobold (D:1)
  3 rats (D:1)
16 creatures vanquished.

Notes
Turn   | Place    | Note
-------+----------+-------------------------------------------
     0 | D:1      | Nerdsrcool the Draconian Hunter began the quest for the
                  | Orb.
     0 | D:1      | Reached XP level 1. HP: 17/17 MP: 1/1
   195 | D:1      | Reached skill level 4 in Ranged Weapons
   198 | D:1      | Reached XP level 2. HP: 24/24 MP: 2/2
   482 | D:2      | Succumbed to an adder's poison

Illustrated notes

Levels and vault maps discovered:
D:1:      sevenhm_arrival_forest_fort_small_3, layout_rooms
D:2:      layout_basic, hellmonk_ecumenical_altar_arch_garden,
          minmay_hexomino_f4

Skill      XL: |  1 |
---------------+----+-----
Ranged Weapons | 4 |  4.3
Fighting       | |  2.2
Dodging        | |  1.8
Stealth        | |  0.8

Action                   || total
-------------------------++-------
 Fire: Shortbow          ||    42
  Use: Scroll            ||     1
Armor: Skin              ||     8
Dodge: Dodged            ||    25

Table legend: (Time is in decaauts)
 A = Elapsed time spent in this place.
 B = Non-inter-level travel time spent in this place.
 C = Inter-level travel time spent in this place.
 D = Time resting spent in this place.
 E = Time spent auto-exploring this place.
 F = Levels seen in this place.
 G = Mean time per level.
                   A        B        C        D        E       F      G
               +--------+--------+--------+--------+--------+-----+--------+
         Total |    494 |    454 |     40 |      0 |    248 |   2 |  247.0 |
       Dungeon |    494 |    454 |     40 |      0 |    248 |   2 |  247.0 |
               +--------+--------+--------+--------+--------+-----+--------+

Top non-repeatable levels by time:
     D:1: 459 daAuts
     D:2: 34 daAuts
